 Dungeon Crawl Stone Soup version 0.18-a0-1466-g2490093 (webtiles) character file.

777 Duffy the Gusty (level 7, 0/41 HPs)
             Began as a High Elf Air Elementalist on Mar 1, 2016.
             Slain by a jackal (1 damage)
             ... on level 4 of the Dungeon.
             The game lasted 00:07:57 (3995 turns).

Duffy the Gusty (High Elf Air Elementalist)         Turns: 3995, Time: 00:07:57

Health: 0/41       AC:  4    Str:  7    XL:     7   Next: 54%
Magic:  11/14      EV: 12    Int: 22    God:
Gold:   190        SH:  0    Dex: 15    Spells: 4 memorised, 5 levels left

rFire  . . .     SeeInvis .     k - +0 dagger (elec)
rCold  . . .     Gourm    .     a - +0 robe
rNeg   . . .     Faith    .     (no shield)
rPois  .         Spirit   .     w - +0 helmet
rElec  .         Dismiss  .     v - +0 cloak
rCorr  .         Reflect  .     (no gloves)
SustAt .         Harm     .     (no boots)
MR     .....                    l - amulet of magic regeneration
Stlth  ++........               (no ring)
                                (no ring)

@: not resistant to hostile enchantments, unstealthy
A: no striking features
a: no special abilities


You were on level 4 of the Dungeon.
You were hungry.

You visited 1 branch of the dungeon, and saw 4 of its levels.

You collected 190 gold pieces.


   Skills:
 - Level 2.1 Dodging
 - Level 2.1 Stealth
 + Level 4.5 Spellcasting
 * Level 6.4 Conjurations
 * Level 6.9 Air Magic


You had 5 spell levels left.
You knew the following spells:

 Your Spells              Type           Power        Failure   Level  Hunger
a - Shock                 Conj/Air       ####         1%          1    None
l - Lightning Bolt        Conj/Air       ####......   21%         5    ######.
m - Repel Missiles        Chrm/Air       ###...       4%          2    #......
W - Swiftness             Chrm/Air       ###.....     4%          2    #......

Inventory:

Hand Weapons
 k - a +0 dagger of electrocution (weapon)
Missiles
 x - a throwing net (quivered)
Armour
 a - a +0 robe (worn)
 h - a +0 buckler
 v - a +0 cloak (worn)
 w - a +0 helmet (worn)
Jewellery
 l - an amulet of magic regeneration (around neck)
 o - an uncursed amulet of dismissal {unknown}
Wands
 p - a wand of flame (32/48)
Scrolls
 d - a scroll of enchant armour {unknown}
 e - 2 scrolls of amnesia {unknown}
 g - 3 scrolls of magic mapping {unknown}
 i - a scroll of fog {unknown}
 j - 2 scrolls of remove curse {unknown}
 n - a scroll of noise {unknown}
 s - a scroll of recharging {unknown}
 t - a scroll of teleportation {unknown}
 u - a scroll of enchant weapon {unknown}
Potions
 m - a potion of degeneration {unknown}
Books
 b - a book of Air
Comestibles
 c - 2 bread rations
 f - a beef jerky
 q - 3 fruits
 r - a meat ration

Dungeon Overview and Level Annotations

Branches:
Dungeon (4/15)
 Temple: D:4-7

Altars:
Elyvilon
Nemelex Xobeh


Message History

The zap hits the orc priest.
The orc priest is moderately wounded.
The zap hits the orc priest.
The orc priest is almost dead.
The zap hits you!
The zap hits something.
Reactivating autopickup.
You feel a bit more experienced.
The orc priest mumbles some strange prayers to Beogh against you.
You struggle to resist.
Cast which spell? (? or * to list)
Aiming: Shock
Press: ? - help, Shift-Dir - straight line, f - orc priest
Aim: an orc priest, wielding a mace (almost dead)
The zap hits the orc priest.
You kill the orc priest!
The jackal bites you.
A jackal comes into view.
The jackal barely misses you.
Items here: %% )) ? a mace; a trident of pain; a scroll labeled YBAFYCVEAGO; an orc corpse x2
The jackal barks!
Cast which spell? (? or * to list)
Aiming: Shock
Press: ? - help, Shift-Dir - straight line The zap misses the jackal.
The zap hits the jackal.
The jackal is moderately wounded.
The jackal bites you but does no damage.
A jackal comes into view.
Cast which spell? (? or * to list)
Aiming: Shock
Press: ? - help, Shift-Dir - straight line The zap misses the jackal. x2
The jackal barks!
The jackal bites you.
You die...

#.........#
#.#######.# ##.##
##...####
.####....)..#
.........##.#
######.###.###.##
#.h.).h.h....
#@###########
#### #.# #_0# #.#
#.######.#
#.'.[..#.#
######.####.#.#
#...##_~###.#.##
#.#..####......#
#...#.#####.#..#


You could see 3 jackals.

Action                   |  1- 3 |  4- 6 |  7- 9 || total
-------------------------+-------+-------+-------++-------
Melee: Dagger            |     6 |    17 |     1 ||    24
 Cast: Shock             |    74 |    63 |    43 ||   180
       Repel Missiles    |     1 |     1 |       ||     2
  Eat: Chunk             |     2 |     5 |     2 ||     9

Notes
Turn   | Place    | Note
--------------------------------------------------------------
     0 | D:1      | Duffy the High Elf Air Elementalist began the quest for the Orb.
     0 | D:1      | Reached XP level 1. HP: 11/11 MP: 4/4
   123 | D:1      | Reached skill level 2 in Conjurations
   202 | D:1      | Reached XP level 2. HP: 17/17 MP: 4/6
   206 | D:1      | Learned a level 2 spell: Repel Missiles
   210 | D:1      | Learned a level 2 spell: Swiftness
   928 | D:1      | Reached skill level 3 in Conjurations
  1149 | D:2      | Reached XP level 3. HP: 21/21 MP: 4/7
  1580 | D:2      | Reached skill level 4 in Conjurations
  1600 | D:2      | Reached XP level 4. HP: 20/27 MP: 2/8
  1696 | D:2      | Reached skill level 4 in Air Magic
  2141 | D:3      | Noticed Sigmund
  2228 | D:3      | Killed Sigmund
  2228 | D:3      | Reached skill level 3 in Spellcasting
  2228 | D:3      | Reached skill level 5 in Air Magic
  2228 | D:3      | Reached XP level 5. HP: 22/31 MP: 5/11
  2564 | D:3      | Reached skill level 5 in Conjurations
  2649 | D:3      | Reached XP level 6. HP: 36/36 MP: 10/12
  2673 | D:3      | Noticed Grinder
  2696 | D:3      | Killed Grinder
  2696 | D:3      | Reached skill level 6 in Air Magic
  2939 | D:3      | Reached skill level 4 in Spellcasting
  3208 | D:3      | Learned a level 5 spell: Lightning Bolt
  3234 | D:4      | Reached XP level 7. HP: 22/41 MP: 9/14
  3409 | D:4      | Reached skill level 6 in Conjurations
  3859 | D:4      | Found a sparkling altar of Nemelex Xobeh.
  3859 | D:4      | Found a white marble altar of Elyvilon.
  3995 | D:4      | Slain by a jackal

Vault maps used:
D:1:      sevenhm_arrival_forest_fort_small_4, minmay_liquid_box,
          kennysheep_doodads
D:2:      minmay_stone_trees_medium
D:3:      uniq_sigmund, uniq_grinder
D:4:      gammafunk_temple_overflow_elements, nicolae_overflow_hidden_temple,
          st_stairs_6, mrwooster_statue_mirror

Vanquished Creatures
  Grinder Sigmund
  An ogre
  3 hounds
  An orc priest
  An iguana
  An orc wizard
  5 adders
  4 gnolls
  2 oozes
  An adder skeleton
  3 worms
  2 dart slugs
  4 giant geckos
  3 orcs
  2 giant cockroaches
  10 goblins
  7 hobgoblins
  3 quokkas
  3 ball pythons
  11 bats
  3 giant newts
  9 kobolds
  8 rats
89 creatures vanquished.
